 Dungeon Crawl Stone Soup version 0.22-a0-443-g17c3723 (webtiles) character file.

79 galech the Skirmisher (level 4, 0/49 HPs)
             Began as an Ogre Berserker on June 1, 2018.
             Was a Believer of Trog.
             Succumbed to an adder's poison
             ... while paralysed
             ... on level 2 of the Dungeon.
             The game lasted 00:02:27 (1337 turns).

galech the Skirmisher (Ogre Berserker)              Turns: 1337, Time: 00:02:29

Health: 0/49       AC:  3    Str: 22    XL:     4   Next: 37%
Magic:  4/4        EV:  1    Int:  8    God:    Trog [**....]
Gold:   76         SH:  0    Dex:  8    Spells: 3/3 levels left

rFire    . . .     SeeInvis .   a - +0 mace
rCold    . . .     Gourm    .   g - +0 large shield
rNeg     . . .     Faith    .   b - +0 animal skin
rPois    .         Spirit   .   (helmet restricted)
rElec    .         Reflect  .   (no cloak)
rCorr    .         Harm     .   (gloves unavailable)
MR       .....                  (boots unavailable)
Stlth    +.........             (no amulet)
HPRegen  0.16/turn              (no ring)
MPRegen  0.09/turn              (no ring)

@: paralysed, lethally poisoned (0 -> -7), berserk cooldown, slowed
A: large, unfitting armour, tough skin 1
a: Berserk, Trog's Hand, Renounce Religion


You were on level 2 of the Dungeon.
You worshipped Trog.
Trog was pleased with you.
You were hungry.

You visited 1 branch of the dungeon, and saw 2 of its levels.

You collected 76 gold pieces.

Inventory:

Hand Weapons
 a - a +0 mace (weapon)
Armour
 b - a +0 animal skin (worn)
 g - a +0 large shield (worn)
Scrolls
 e - 2 scrolls of magic mapping {unknown}
 f - a scroll of blinking {unknown}
 h - a scroll of noise {unknown}
 i - a scroll of teleportation {unknown}
Comestibles
 c - 3 rations
 d - 9 chunks of flesh


   Skills:
 + Level 4.9 Fighting
 + Level 3.3 Maces & Flails
 + Level 3.3 Dodging
 + Level 0.2 Stealth
 + Level 0.9 Shields


You had 3 spell levels left.
You didn't know any spells.
Your spell library was empty.

Dungeon Overview and Level Annotations

Branches:
Dungeon (2/15)

Altars:


Innate Abilities, Weirdness & Mutations

You are too large for most types of armour.
You have tough skin. (AC +1)


Message History

You feel sick. The adder bites you.
* * * LOW HITPOINT WARNING * * *
You barely miss the adder.
The adder is moderately wounded.
* * * LOW HITPOINT WARNING * * *
You feel sick. The adder bites you but does no damage.
You sock the adder!
You kill the adder!
Trog accepts your kill.
* * * LOW HITPOINT WARNING * * *
You feel sick.
You are too berserk!
There is a lethal amount of poison in your body!
* * * LOW HITPOINT WARNING * * *
You feel sick.
You feel a strong urge to attack something.
You are no longer berserk.
You pass out from exhaustion.
You feel yourself slow down.
You die...

############ #...
#..........# #...
#..........# ##....
#..........# ......
#..........#
......######[.........#
..>..?.........>......##
........####..........#.
.......@†...............
......##.######..######.
...## #..####..## #. #
##...##.## #. ###....#
..... ####.# ..##.. #...
...# #....##.## ...#....


There were no monsters in sight!

Vanquished Creatures
  2 adders (D:2)
  2 dart slugs (D:1)
  3 leopard geckos (D:1)
  14 giant cockroaches
  4 goblins (D:1)
  3 hobgoblins (D:1)
  5 jackals (D:1)
  6 bats (D:1)
  2 frilled lizards (D:1)
  2 kobolds (D:1)
  5 rats (D:1)
48 creatures vanquished.

Notes
Turn   | Place    | Note
-------+----------+-------------------------------------------
     0 | D:1      | galech the Ogre Berserker began the quest for the Orb.
     0 | D:1      | Reached XP level 1. HP: 24/24 MP: 1/1
    35 | D:1      | Reached XP level 2. HP: 28/32 MP: 2/2
   404 | D:1      | Reached XP level 3. HP: 11/40 MP: 3/3
   843 | D:1      | Reached ** piety under Trog
  1196 | D:2      | Reached XP level 4. HP: 33/49 MP: 4/4
  1332 | D:2      | HP: 3/73 [adder (1)]
  1335 | D:2      | HP: 1/73 [poisoned by an adder]
  1337 | D:2      | Succumbed to an adder's poison

Vault maps used:
D:1:      lightli_arrival_statuegarden, columned_hall_lemuel
D:2:      minmay_roachtagon

Skill      XL: |  1  2 |
---------------+-------+-----
Maces & Flails | 3 |  3.3
Dodging        | 3 |  3.3
Fighting       | |  4.9
Stealth        | |  0.2
Shields        | |  0.9

Action                   |  1- 3 |  4- 6 || total
-------------------------+-------+-------++-------
Melee: Mace              |   147 |    17 ||   164
Invok: Berserk           |       |     1 ||     1
  Eat: Chunk             |     1 |     1 ||     2
Armor: Animal skin       |    90 |     5 ||    95
Dodge: Dodged            |    78 |     6 ||    84
Block: Large shield      |    83 |    13 ||    96

Table legend:
 A = Spawn XP
 B = Non-spawn XP
 C = Spawn XP percentage of total XP
 D = Spawn monster count
 E = Non-spawn monster count
 F = Spawn count percentage of total count
 G = Total turns spent on level
                    A         B        C        D         E        F      G
               +---------+---------+-------+---------+---------+-------+---------
         Total |       0 |     113 |   0.0 |       0 |      48 |   0.0 |  1337
               +---------+---------+-------+---------+---------+-------+---------
           D:1 |       0 |      61 |   0.0 |       0 |      33 |   0.0 |  1120
           D:2 |       0 |      52 |   0.0 |       0 |      15 |   0.0 |   217
               +---------+---------+-------+---------+---------+-------+---------
